 Dungeon Crawl Stone Soup version 0.24.0 (webtiles) character file.

Game seed: 16245399538078178572, levelgen mode: deterministic

49172 GordonOverkill the Severer (level 14, -1/129 HPs)
             Began as a Deep Elf Berserker on Oct 25, 2019.
             Was an Elder of Trog.
             Slain by a manticore (3 damage)
             ... on level 15 of the Dungeon.
             The game lasted 00:34:06 (18226 turns).

GordonOverkill the Severer (Deep Elf Berserker)    Turns: 18226, Time: 00:34:06

Health: -1/129     AC: 23    Str: 26    XL:     14   Next: 15%
Magic:  16/16      EV: 12    Int: 20    God:    Trog [****..]
Gold:   560        SH: 12    Dex: 12    Spells: 13/13 levels left

rFire    + . .     SeeInvis .   a - +3 broad axe (chop)
rCold    . . .     Gourm    .   F - +0 shield {rPois}
rNeg     . . .     Faith    .   r - +1 chain mail {rPois}
rPois    +         Spirit   .   B - +2 helmet
rElec    +         Reflect  .   K - +2 cloak
rCorr    .         Harm     .   I - +2 pair of gloves {Str+3}
MR       +++..                  (no boots)
Stlth    ..........             (no amulet)
HPRegen  1.31/turn              w - +3 ring of evasion
MPRegen  0.15/turn              u - ring "Tefic" {rElec rF+ AC+2 Int+6 Dex-2}

@: berserking, barbed spikes, regenerating, lightly drained, very quick
A: sense surroundings 1, shaggy fur 1
a: Berserk, Trog's Hand, Brothers in Arms, Renounce Religion


You were on level 15 of the Dungeon.
You worshipped Trog.
Trog was greatly pleased with you.
You were hungry.

You visited 1 branch of the dungeon, and saw 15 of its levels.
You also visited: Gauntlet.

You collected 922 gold pieces.
You spent 362 gold pieces at shops.

Inventory:

Hand Weapons
 a - a +3 broad axe of chopping (weapon)
 b - a +5 flail of draining
Missiles
 f - a boomerang of dispersal (quivered)
Armour
 r - a +1 chain mail of poison resistance (worn)
 B - a +2 helmet (worn)
 F - a +0 shield of poison resistance (worn)
 I - a +2 pair of gloves of strength (worn)
 K - a +2 cloak (worn)
Jewellery
 o - a +3 ring of evasion
 u - the ring "Tefic" (right hand) {rElec rF+ AC+2 Int+6 Dex-2}
   (You found it in a Gauntlet)

   [ring of protection]

   It affects your AC (+2).
   It affects your intelligence (+6).
   It affects your dexterity (-2).
   It protects you from fire.
   It insulates you from electricity.
 w - a +3 ring of evasion (left hand)
 C - an uncursed amulet of faith
 D - an uncursed ring of protection from magic
 G - an uncursed ring of protection from magic
 H - a +3 ring of evasion
 J - an uncursed ring of stealth {unknown}
Wands
 q - a wand of paralysis (6)
 t - a wand of flame (25)
 y - a wand of digging (4)
 M - a wand of clouds (12)
 P - a wand of acid (8)
 Q - a wand of iceblast (13)
Scrolls
 g - 3 scrolls of remove curse
 j - 3 scrolls of enchant armour
 k - 8 scrolls of teleportation
 l - 4 scrolls of fog
 m - 6 scrolls of blinking
 L - 5 scrolls of identify
 N - a scroll of vulnerability {unknown}
Potions
 c - 4 potions of heal wounds
 d - a potion of brilliance
 h - a potion of invisibility
 i - a potion of cancellation
 n - a potion of haste
 p - 5 potions of curing
 v - 3 potions of flight
 z - 2 potions of berserk rage
 A - 2 potions of lignification
 E - 3 potions of might
 O - a potion of magic {unknown}
Comestibles
 e - 40 rations
 s - 5 chunks of flesh


   Skills:
 - Level 9.0(8.7) Fighting
 + Level 15.3(15.0) Axes
 - Level 5.0(4.7) Armour
 - Level 5.0(4.8) Dodging
 * Level 9.6(9.4) Shields


You had 13 spell levels left.
You didn't know any spells.
Your spell library was empty.

Dungeon Overview and Level Annotations

Branches:
Dungeon (15/15)            Temple (0/1) D:7            Lair (0/6) D:9
    Orc (0/2) D:11         Vaults (0/5) D:13        Gauntlet (visited)
 Depths: D:15

Altars:
Ashenzari
Elyvilon
Fedhas
Gozag
Hepliaklqana
Kikubaaqudgha
Qazlal
Ru
Uskayaw
Vehumet
Wu Jian

Shops:
D:4 *   D:7 =:=!*   D:10 *

Annotations:
D:7 2 transporters, Fistmachine's ghost, amateur FeVM
D:12 1 runed translucent door, Plog's ghost, journeyman DgVM


Innate Abilities, Weirdness & Mutations

You passively map a small area around you.
You are covered in fur. (AC +1)


Message History

Unholy energy fills the air.
* * * LOW HITPOINT WARNING * * *
You block the spriggan defender zombie's attack.
You barely miss the manticore.
You slash the deep elf death mage zombie!
You hit something but do no damage. You hit the spriggan defender zombie.
Something hits you!
* * * LOW HITPOINT WARNING * * *
You block something's attack.
Unknown command.
Unknown command.
Unknown command.
Unknown command.
You slice the manticore!!
The manticore is heavily wounded.
You miss the spriggan defender zombie. You slash something!
You slash the deep elf death mage zombie!
The spriggan defender zombie hits you but does no damage.
The manticore bites you.
You die...

#...........#.#
#..###)######.# , ,
###......# #.#
#.......## ##'##
#.##.##.# ##...## *
#....##.# ##.....##
#..##.#.# ##.......## ,
*
##..#....###.........##.
...........'...H@.......
##.......###...Z{Z......
* ##..#.###
##........##. #.###.#
##.....#.# #.## *#.#
**##...## # , .# #. ,
...... * , ..P8.. * ,
.P....8. ,


You could see a manticore, a deep elf death mage zombie and a spriggan defender
zombie.

Vanquished Creatures
  A minotaur (Gauntlet)
  8 vault guards (D:13)
  A ghost crab (Gauntlet)
  4 two-headed ogres
  2 centaur warriors
  Nergalle (D:11)
  2 unseen horrors
  A harpy (shapeshifter) (Gauntlet)
  Pikel (D:6)
  2 orc knights (D:15)
  18 ugly things
  A salamander (shapeshifter) (Gauntlet)
  2 deep elf magi
  An oklob plant (Gauntlet)
  3 manticores
  An orc sorcerer (D:15)
  4 cyclopes
  An elephant (D:9)
  3 centaur skeletons
  Maurice (D:11)
  An efreet (D:12)
  3 trolls
  A queen bee (D:15)
  Grinder (D:5)
  6 meliai
  6 hippogriffs
  8 slime creatures
  A shadow (D:14)
  Sigmund (D:4)
  21 yaks
  A vampire (D:14)
  A wyvern (shapeshifter) (Gauntlet)
  4 wyverns
  A hog (shapeshifter) (D:12)
  2 vampire mosquitoes (D:14)
  Edmund (D:4)
  Menkaure (D:6)
  A basilisk (D:9)
  A soldier ant (D:15)
  3 acid dragons
  A water moccasin (D:13)
  Duvessa (D:4)
  6 ice beasts
  12 orc warriors
  3 black bears
  A tengu (shapeshifter) (Gauntlet)
  5 ogres
  2 sky beasts
  3 eyes of draining
  6 centaurs
  2 necrophages
  3 crocodiles
  2 big kobolds
  12 bullfrogs
  A wyvern zombie (D:14)
  Dowan (D:4)
  3 scorpions
  29 killer bees
  2 howler monkeys
  4 crimson imps
  2 quasits
  4 centaur zombies
  3 hounds
  3 jellies
  9 orc priests
  3 bullfrog skeletons
  12 orc wizards
  3 iguanas
  5 worker ants
  A howler monkey zombie (D:10)
  A worker ant zombie (D:7)
  Robin (D:4)
  13 gnolls
  13 adders
  2 shadow imps
  An ooze (D:2)
  An adder skeleton (D:2)
  An adder zombie (D:7)
  2 worms
  A dart slug (D:1)
  7 leopard geckos
  53 orcs
  9 giant cockroaches
  18 goblins
  10 hobgoblins
  12 jackals
  3 quokkas
  13 bats
  3 frilled lizards (D:3)
  21 kobolds
  10 rats
  A bush (D:1)
463 creatures vanquished.

Vanquished Creatures (collateral kills)
  Roxanne (D:15)
  A two-headed ogre (D:13)
  3 yaks
  An eye of draining (D:12)
  A jelly (D:12)
7 creatures vanquished.

Vanquished Creatures (others)
  A sky beast (D:11)
  An orc (D:11)
  2 jackals (D:1)
  9 withered plants
13 creatures vanquished.

Grand Total: 483 creatures vanquished

Notes
Turn   | Place    | Note
-------+----------+-------------------------------------------
     0 | D:1      | GordonOverkill the Deep Elf Berserker began the quest for
                  | the Orb.
     0 | D:1      | Reached XP level 1. HP: 13/13 MP: 3/3
   201 | D:1      | Reached XP level 2. HP: 18/18 MP: 4/4
   921 | D:2      | Reached skill level 3 in Axes
   921 | D:2      | Reached XP level 3. HP: 22/22 MP: 5/5
  1007 | D:2      | Reached ** piety under Trog
  1301 | D:2      | Reached XP level 4. HP: 26/27 MP: 6/6
  1435 | D:2      | Found a hide-covered altar of Uskayaw.
  1437 | D:2      | Noticed a +0 dagger
  1438 | D:2      | Noticed a -1 hand axe
  1687 | D:2      | Reached XP level 5. HP: 32/32 MP: 7/7
  1837 | D:2      | Found a sacrificial altar of Ru.
  2322 | D:3      | Reached *** piety under Trog
  2699 | D:3      | Reached skill level 4 in Axes
  2700 | D:3      | Found an ancient bone altar of Kikubaaqudgha.
  3029 | D:4      | Noticed Robin
  3046 | D:4      | Reached XP level 6. HP: 27/37 MP: 8/8
  3058 | D:4      | Killed Robin
  3064 | D:4      | Noticed Sigmund
  3069 | D:4      | Gained mutation: Your body sometimes deteriorates upon
                  | taking damage. [potion of mutation]
  3069 | D:4      | Gained mutation: You are covered in fur. (AC +1) [potion of
                  | mutation]
  3069 | D:4      | Gained mutation: You can translocate small distances at
                  | will. [potion of mutation]
  3069 | D:4      | Gained mutation: You have a pair of small horns on your
                  | head. [potion of mutation]
  3074 | D:4      | Lost mutation: You can translocate small distances at will.
                  | [potion of mutation]
  3074 | D:4      | Lost mutation: You have a pair of small horns on your head.
                  | [potion of mutation]
  3074 | D:4      | Gained mutation: You occasionally shout uncontrollably at
                  | your foes. [potion of mutation]
  3074 | D:4      | Gained mutation: Your spells are a little harder to cast,
                  | but a little more powerful. [potion of mutation]
  3074 | D:4      | Gained mutation: You passively map a small area around you.
                  | [potion of mutation]
  3205 | D:4      | Killed Sigmund
  3341 | D:4      | Noticed Edmund
  3359 | D:4      | Killed Edmund
  3359 | D:4      | Reached XP level 7. HP: 21/42 MP: 9/9
  3370 | D:4      | Lost mutation: Your body sometimes deteriorates upon taking
                  | damage. [potion of mutation]
  3370 | D:4      | Lost mutation: You passively map a small area around you.
                  | [potion of mutation]
  3370 | D:4      | Lost mutation: You occasionally shout uncontrollably at
                  | your foes. [potion of mutation]
  3370 | D:4      | Lost mutation: Your spells are a little harder to cast, but
                  | a little more powerful. [potion of mutation]
  3370 | D:4      | Gained mutation: You are resistant to hostile enchantments.
                  | (MR+) [potion of mutation]
  3370 | D:4      | Lost mutation: You are resistant to hostile enchantments.
                  | (MR+) [potion of mutation]
  3370 | D:4      | Gained mutation: You passively map a small area around you.
                  | [potion of mutation]
  3570 | D:4      | Found Icruczul's General Store.
  3578 | D:4      | Bought a scroll of blinking for 97 gold pieces
  3578 | D:4      | Bought a scroll of teleportation for 39 gold pieces
  3578 | D:4      | Noticed Duvessa
  3578 | D:4      | Noticed Dowan
  3588 | D:4      | Killed Duvessa
  3588 | D:4      | Reached skill level 5 in Axes
  3595 | D:4      | Killed Dowan
  3595 | D:4      | Reached skill level 5 in Dodging
  3842 | D:4      | You fall into a shaft and drop 2 floors!
  3842 | D:6      | Found a white marble altar of Elyvilon.
  3842 | D:6      | Noticed Menkaure
  3845 | D:6      | Killed Menkaure
  3854 | D:6      | Reached XP level 8. HP: 48/48 MP: 10/10
  3949 | D:6      | Found a shattered altar of Ashenzari.
  3981 | D:6      | Found a sand-covered staircase.
  3989 | D:6      | Noticed Pikel
  4000 | D:6      | Killed Pikel
  4000 | D:6      | Reached skill level 6 in Axes
  4249 | D:6      | Reached skill level 5 in Fighting
  4539 | D:6      | Reached skill level 7 in Axes
  4545 | D:5      | Entered Level 5 of the Dungeon
  4712 | D:5      | Reached **** piety under Trog
  4768 | D:5      | Reached XP level 9. HP: 54/54 MP: 11/11
  4775 | D:5      | Found a stormy altar of Qazlal.
  4817 | D:5      | Reached skill level 5 in Armour
  5101 | D:5      | Found a hazy altar of Hepliaklqana.
  5270 | D:5      | Noticed Grinder
  5282 | D:5      | Killed Grinder
  5719 | D:4      | Found a blossoming altar of Fedhas.
  5816 | D:4      | Found a sacrificial altar of Ru.
  5917 | D:4      | Reached skill level 8 in Axes
  6031 | D:4      | Bought a scroll of enchant armour for 97 gold pieces
  6148 | D:7      | Found Qerch's Book Emporium.
  6439 | D:7      | Noticed Fistmachine's ghost (amateur FeVM)
  6454 | D:7      | Found a transporter.
  6500 | D:7      | Found Vuzogoh's Jewellery Boutique.
  6541 | D:7      | Found Tuhuff's Distillery.
  6599 | D:7      | Bought a potion of heal wounds for 80 gold pieces
  6609 | D:7      | Found Bompi's Assorted Antiques.
  6615 | D:7      | Bought a scroll labeled LECRITRURE for 26 gold pieces
  6615 | D:7      | Bought a smoky orange potion for 23 gold pieces
  6694 | D:7      | Found a transporter.
  6758 | D:7      | Found a staircase to the Ecumenical Temple.
  6854 | D:7      | Found Mafa's Jewellery Emporium.
  7474 | D:8      | Reached skill level 9 in Axes
  7777 | D:8      | Got a warped chain mail
  7788 | D:8      | Identified the +0 chain mail "Wekoff" {Int+5 Dex-3 SInv}
                  | (You acquired it on level 8 of the Dungeon)
  7852 | D:9      | Found a staircase to the Lair.
  7852 | D:9      | Noticed an elephant
  7871 | D:9      | Killed an elephant
  7871 | D:9      | Reached XP level 10. HP: 54/60 MP: 12/12
  7876 | D:9      | Reached ***** piety under Trog
  8221 | D:9      | Got a fine scale mail
  8232 | D:9      | Identified the cursed +0 scale mail "Igradaq" {rElec Str-4
                  | Slay+2 Stlth+} (You found it on level 9 of the Dungeon)
  8541 | D:9      | Found an ornate altar of the Wu Jian Council.
  8545 | D:9      | Found an opulent altar of Gozag.
  8550 | D:9      | Found a radiant altar of Vehumet.
  8686 | D:10     | Entered Level 10 of the Dungeon
  8708 | D:10     | Reached skill level 10 in Axes
  9485 | D:10     | Found Soffej Joqu's General Store.
 10171 | D:11     | Found a shattered altar of Ashenzari.
 10213 | D:11     | Found a staircase to the Orcish Mines.
 10277 | D:11     | Noticed Nergalle
 10292 | D:11     | Killed Nergalle
 10346 | D:11     | Noticed Maurice
 10414 | D:11     | Killed Maurice
 10414 | D:11     | Reached skill level 11 in Axes
 10551 | D:11     | Killed an unseen horror
 10551 | D:11     | Reached XP level 11. HP: 37/67 MP: 13/13
 10975 | D:11     | You fall into a shaft and drop 3 floors!
 11052 | D:13     | Noticed a two-headed ogre
 11053 | D:13     | Noticed a centaur warrior
 11058 | D:13     | Killed a two-headed ogre
 11103 | D:13     | Killed a centaur warrior
 11149 | D:13     | Noticed a two-headed ogre
 11154 | D:13     | Reached skill level 12 in Axes
 11159 | D:13     | Killed a two-headed ogre
 11319 | D:13     | Noticed a vault guard
 11319 | D:13     | Noticed a vault guard
 11334 | D:13     | Killed a vault guard
 11344 | D:13     | Killed a vault guard
 11344 | D:13     | Reached skill level 13 in Axes
 11375 | D:13     | Noticed a vault guard
 11382 | D:13     | Killed a vault guard
 11393 | D:13     | Noticed a vault guard
 11396 | D:13     | Noticed a vault guard
 11403 | D:13     | Killed a vault guard
 11403 | D:13     | Reached XP level 12. HP: 73/73 MP: 14/14
 11414 | D:13     | Killed a vault guard
 11442 | D:13     | Noticed a vault guard
 11458 | D:13     | Found a gate leading to a gauntlet.
 11466 | Gauntlet | Entered a Gauntlet
 11466 | Gauntlet | Found a transporter.
 11466 | Gauntlet | Found a transporter.
 11490 | Gauntlet | Found a transporter.
 11492 | Gauntlet | Found a transporter.
 11502 | Gauntlet | Found a transporter.
 11506 | Gauntlet | Found a transporter.
 11518 | Gauntlet | Found a transporter.
 11525 | Gauntlet | Noticed a ghost crab
 11532 | Gauntlet | Noticed a minotaur
 11537 | Gauntlet | Found a transporter.
 11546 | Gauntlet | Found a transporter.
 11547 | Gauntlet | Found a transporter.
 11556 | Gauntlet | Found a transporter.
 11560 | Gauntlet | Found a transporter.
 12005 | Gauntlet | Received a gift from Trog
 12125 | Gauntlet | Got a bound granite ring
 12126 | Gauntlet | Identified the ring of the Seven Hells {*Tele Int-4 Dex+2
                  | Slay+3 Stlth+} (You found it in a Gauntlet)
 12139 | Gauntlet | Killed a ghost crab
 12139 | Gauntlet | Reached skill level 14 in Axes
 12147 | Gauntlet | Got a wavering marble ring
 12149 | Gauntlet | Identified the ring "Tefic" {rElec rF+ AC+2 Int+6 Dex-2}
                  | (You found it in a Gauntlet)
 12203 | Gauntlet | Killed a minotaur
 12344 | Gauntlet | Found the +5 robe of Misfortune {*Contam Harm *Corrode
                  | *Drain *Slow EV+5}
 12355 | Gauntlet | Identified the Tome of Curses
 12358 | Gauntlet | Identified the Grimoire of Weightlessness
 12364 | D:13     | Noticed a vault guard
 12373 | D:13     | Killed a vault guard
 12373 | D:13     | Reached skill level 1 in Shields
 12385 | D:13     | Killed a vault guard
 12386 | D:13     | Noticed a two-headed ogre
 12406 | D:13     | Killed a two-headed ogre
 12476 | D:13     | Noticed a vault guard
 12493 | D:13     | Killed a vault guard
 12631 | D:13     | Found a gate to the Vaults.
 13309 | D:12     | Noticed a two-headed ogre
 13319 | D:12     | Killed a two-headed ogre
 13550 | D:12     | Reached XP level 13. HP: 57/80 MP: 15/15
 13759 | D:12     | Reached skill level 5 in Shields
 13975 | D:12     | Found a runed translucent door.
 13975 | D:12     | Noticed Plog's ghost (journeyman DgVM)
 15856 | D:14     | Reached skill level 15 in Axes
 16168 | D:15     | Entered Level 15 of the Dungeon
 16168 | D:15     | Noticed Roxanne
 16175 | D:14     | Received a gift from Trog
 16213 | D:15     | Killed Roxanne
 17706 | D:15     | Reached XP level 14. HP: 63/86 MP: 4/16
 18225 | D:15     | HP: 1/129 [something (9)]
 18226 | D:15     | Slain by a manticore

Levels and vault maps discovered:
D:1:      psy_arrival_dodecagon, layout_basic, kennysheep_pointless_box,
          minmay_hedge_maze, lemuel_flame_loot_1
D:2:      layout_rooms, dancing_weapons_uskayaw, chequers_serial_rivers_marsh,
          nicolae_ru_great_annihilating_truth
D:3:      layout_basic, overflow_temple_1_default, first_ration,
          chequers_serial_rivers_room_a
D:4:      layout_loops_ring, kennysheep_mini_moat, serial_shops, shop,
          fedhas_altar_4, uniq_edmund, uniq_sigmund, uniq_robin, uniq_duvessa
D:5:      layout_rooms, kennysheep_mini, overflow_temple_1_default, uniq_grinder
D:6:      layout_basic, cheibrodos_ashenzari_chains, basic_altar,
          enter_ossuary_1, uniq_pikel, uniq_menkaure
D:7:      layout_basic, minmay_temple_entry_junction,
          gammafunk_ghost_stat_death, serial_shops, shop, shop, shop_coins,
          nicolae_shop_temple_entry_statues_fountains, shop
D:8:      layout_cave_pools
D:9:      layout_roguey, minmay_overflow_temple_star_quad, david_lair_generic
D:10:     layout_grid_maze, serial_shops, nicolae_shop_window_shopping
D:11:     layout_roguey, orc_0_dummy, basic_altar, uniq_nergalle, uniq_maurice
D:12:     layout_small_grid, gammafunk_ghost_grave
D:13:     layout_loops_ring, erik_vaults_2, gauntlet_entry_generic
D:14:     layout_roguey, small_statue_intersection
D:15:     gammafunk_depths_entry_grave, layout_loops_corners,
          minmay_misc_feat_iff, special_room [special_room_bee], uniq_roxanne
